 Dungeon Crawl Stone Soup version 0.24.0-2-g5b39cebb1c (webtiles) character file.

Game seed: 3659566973026005871, levelgen mode: deterministic

55 theanonym the Chopper (level 3, -2/29 HPs)
             Began as a Demonspawn Monk on Oct 31, 2019.
             Slain by an adder (4 damage)
             ... on level 2 of the Dungeon.
             The game lasted 00:01:04 (1685 turns).

theanonym the Chopper (Demonspawn Monk)             Turns: 1685, Time: 00:01:05

Health: -2/29      AC:  2    Str: 12    XL:     3   Next: 67%
Magic:  3/3        EV: 13    Int: 11    God:
Gold:   80         SH:  0    Dex: 15    Spells: 2/2 levels left

rFire    . . .     SeeInvis .   a - +0 hand axe
rCold    . . .     Gourm    .   (no shield)
rNeg     . . .     Faith    .   b - +0 robe
rPois    .         Spirit   .   (helmet restricted)
rElec    .         Reflect  .   (no cloak)
rCorr    .         Harm     .   (no gloves)
MR       .....                  (no boots)
Stlth    ++........             (no amulet)
HPRegen  0.09/turn              (no ring)
MPRegen  0.08/turn              (no ring)

@: no status effects
A: antennae 1
a: no special abilities


Innate Abilities, Weirdness & Mutations

You have a pair of small antennae on your head.


   Skills:
 - Level 3.0 Fighting
 + Level 4.3 Axes
 - Level 2.6 Dodging
 - Level 1.7 Stealth


You had 2 spell levels left.
You didn't know any spells.
Your spell library was empty.

Skill      XL: |  1  2  3 |
---------------+----------+-----
Axes           | 3 4 |  4.3
Fighting       | |  3.0
Dodging        | |  2.6
Stealth        | |  1.7

Action                   || total
-------------------------++-------
Melee: Hand axe          ||   147
 Stab: Sleeping          ||     5
  Eat: Chunk             ||     2
Armor: Robe              ||    29
Dodge: Dodged            ||   122

Inventory:

Hand Weapons
 a - a +0 hand axe (weapon)
Armour
 b - a +0 robe (worn)
Scrolls
 c - a scroll of remove curse {unknown}
 d - a scroll of identify {unknown}
 j - a scroll of immolation {unknown}
 l - a scroll of amnesia {unknown}
Potions
 f - 3 potions of curing {unknown}
 g - 5 potions of ambrosia {unknown}
 i - a potion of might {unknown}
 k - 2 potions of flight {unknown}
Comestibles
 e - 4 rations
 h - 12 chunks of flesh


You were on level 2 of the Dungeon.
You were hungry.

You visited 1 branch of the dungeon, and saw 2 of its levels.

You collected 80 gold pieces.

Dungeon Overview and Level Annotations

Branches:
Dungeon (2/15)

Altars:

####### #.....# #.....#
###.....## ........
#.....# #...Sg# #...@.#
#.....####..
####(......# #.#####.#
# ####.####... #.####
#..........# #...<#
#.........## #...#รท#
#......%..+ #
#.#.#.###.........#####


You could see an adder and a hobgoblin.

Notes
Turn   | Place    | Note
-------+----------+-------------------------------------------
     0 | D:1      | theanonym the Demonspawn Monk began the quest for the Orb.
     0 | D:1      | Reached XP level 1. HP: 18/18 MP: 1/1
    33 | D:1      | HP: 7/18 [gnoll (8)]
    36 | D:1      | Reached skill level 3 in Axes
    36 | D:1      | Gained mutation: You have a pair of small antennae on your
                  | head. [demonic ancestry]
    36 | D:1      | Reached XP level 2. HP: 8/24 MP: 2/2
   673 | D:1      | HP: 12/24 [jackal (2)]
   678 | D:1      | HP: 10/24 [jackal (2)]
  1060 | D:1      | Reached XP level 3. HP: 29/29 MP: 3/3
  1529 | D:2      | Reached skill level 4 in Axes
  1659 | D:2      | HP: 14/29 [worm (8)]
  1665 | D:2      | HP: 5/29 [worm (3)]
  1669 | D:2      | HP: 1/29 [worm (4)]
  1684 | D:2      | HP: 1/29 [hobgoblin/+0 long sword (1)]
  1685 | D:2      | Slain by an adder

Vanquished Creatures
  A gnoll (D:1)
  2 worms (D:2)
  A dart slug (D:2)
  2 leopard geckos
  A ball python (D:2)
  7 bats
  A giant cockroach (D:1)
  3 goblins
  5 hobgoblins
  3 jackals (D:1)
  2 frilled lizards (D:1)
  3 kobolds
  A rat (D:2)
32 creatures vanquished.

Table legend:
 A = Turns spent in this place as a percentage of turns spent in the entire game.
 B = Non-inter-level travel turns spent in this place as a percentage of non-inter-level travel turns spent in the entire game.
 C = Inter-level travel turns spent in this place as a percentage of turns spent in this place.
 D = Turns resting spent in this place as a percentage of non-inter-level travel turns spent in this place.
 E = Turns spent auto-exploring this place as a percentage of non-inter-level travel turns spent in this place.
 F = Non-inter-level travel turns spent in this place divided by the number of levels of this place that you've seen.
                   A       B       C       D       E      F
               +-------+-------+-------+-------+-------+----------------------
         Total | 100.0 | 100.0 |   3.0 |  34.3 |  49.3 | 817.0
       Dungeon | 100.0 | 100.0 |   3.0 |  34.3 |  49.3 | 817.0
               +-------+-------+-------+-------+-------+----------------------
